 Dungeon Crawl Stone Soup version 0.32-a0-900-g30fb1b0edc (webtiles) character file.

Game seed: 16695655081049592842

10268 olmar the Basher (level 11, -7/99 HPs)
             Began as a Minotaur Fighter on Apr 5, 2024.
             Was an Initiate of Gozag.
             Succumbed to orange demon's concentrated venom
             ... on level 11 of the Dungeon.
             The game lasted 00:15:04 (10192 turns).

olmar the Basher (Minotaur Fighter)                Turns: 10192, Time: 00:15:05

Health: -7/99      AC: 25    Str: 31    XL:     11   Next: 33%
Magic:  10/10      EV:  8    Int:  5    God:    Gozag
Gold:   886        SH:  0    Dex: 10    Spells: 10/10 levels left

rFire   . . .        S - +1 great mace (protect)
rCold   . . .        (shield currently unavailable)
rNeg    . . .        Q - +0 plate armour
rPois   .            (helmet restricted)
rElec   .            (no cloak)
rCorr   +            r - +1 pair of gloves
SInv    .            B - +0 pair of boots
Will    .....        (no amulet) Stlth
                     C - +6 ring of strength
HPRegen 0.36/turn    E - ring of resist corrosion
MPRegen 0.12/turn

%: no passive effects
@: lethally poisoned (-7 -> -91), gold aura, under a protective aura, slowed,
very slow
A: horns 2, retaliatory headbutt
a: Renounce Religion, Potion Petition, Call Merchant, Bribe Branch


You were on level 11 of the Dungeon.
You worshipped Gozag.
Gozag was pleased with you.
You visited 2 branches of the dungeon, and saw 12 of its levels.
You also visited: Sewer and Ossuary.

You collected 1617 gold pieces.
You spent 330 gold pieces at shops.
You paid 401 gold pieces to Gozag.

Inventory:

Hand Weapons
 a - a +1 flail
 A - a +2 flail of holy wrath
 S - a +1 great mace of protection (weapon)
 T - a -1 demon whip of venom
Missiles
 g - 21 poisoned darts (quivered)
 l - 4 boomerangs
 L - 4 curare-tipped darts
Armour
 b - a +0 scale mail
 c - a +0 buckler
 r - a +1 pair of gloves (worn)
 B - a +0 pair of boots (worn)
 Q - a +0 plate armour (worn)
Jewellery
 e - a ring of protection from fire
 C - a +6 ring of strength (left hand)
 E - a ring of resist corrosion (right hand)
 F - a ring of wizardry
 G - a ring of protection from cold
Wands
 z - a wand of warping (4)
 I - a wand of flame (46)
 R - a wand of paralysis (6)
Scrolls
 h - a scroll of immolation
 i - 4 scrolls of amnesia
 k - 3 scrolls of blinking
 m - 2 scrolls of butterflies
 o - 2 scrolls of enchant armour
 w - 5 scrolls of teleportation
 x - a scroll of torment {unknown}
 y - a scroll of fog {unknown}
 D - 2 scrolls of revelation {unknown}
 K - a scroll of noise
 N - a scroll of poison {unknown}
 O - a scroll of identify
 P - 3 scrolls of silence
Potions
 d - 5 potions of might
 f - 2 potions of ambrosia
 j - 6 potions of magic
 n - 4 potions of haste
 p - 2 potions of degeneration {unknown}
 q - 4 potions of enlightenment {unknown}
 s - a potion of resistance
 t - 3 potions of attraction
 u - 2 potions of heal wounds
 v - 2 potions of mutation
 H - 2 potions of lignification
 J - 3 potions of brilliance {unknown}
 M - 2 potions of curing {unknown}


   Skills:
 + Level 9.9 Fighting
 + Level 13.5 Maces & Flails
 + Level 5.1 Throwing
 + Level 9.9 Armour
 + Level 4.9 Dodging
 - Level 0.4 Stealth
 - Level 7.4 Shields


You had 10 spell levels left.
You didn't know any spells.
Your spell library contained the following spells:

 Spells                   Type           Power      Damage    Failure   Level
 Necrotise                Necr           0%         1d4       98%         1
 Summon Small Mammal      Summ           0%         N/A       98%         1
 Call Imp                 Summ           0%         N/A       99%         2
 Lesser Beckoning         Tloc           0%         N/A       99%         2
 Dazzling Flash           Conj/Hex       0%         N/A       100%        3
 Fugue of the Fallen      Necr           0%         N/A       100%        3
 Maxwell's Portable Pile  Tloc           0%         2d(5-13)  100%        3
 Mephitic Cloud           Conj/Alch/Air  0%         N/A       100%        3
 Ozocubu's Armour         Ice            0%         N/A       100%        3
 Teleport Other           Tloc           0%         N/A       100%        3
 Vampiric Draining        Necr           0%         2d6       100%        3
 Martyr's Knell           Necr/Summ      0%         N/A       100%        4
 Curse of Agony           Necr           0%         N/A       100%        5
 Silence                  Hex/Air        0%         N/A       100%        5
 Manifold Assault         Tloc           0%         N/A       100%        7


Dungeon Overview and Level Annotations

Branches:
Dungeon (11/15)            Temple (1/1) D:4            Lair (0/5) D:10
    Orc (0/2) D:10          Sewer (visited)         Ossuary (visited)

Altars:
Ashenzari
Cheibriados
Dithmenos
Elyvilon
Fedhas
Gozag
Hepliaklqana
Kikubaaqudgha
Makhleb
Nemelex Xobeh
Okawaru
Qazlal
Ru
Sif Muna
Trog
Uskayaw
Vehumet
Wu Jian
Xom
Yredelemnul
Zin
The Shining One
Beogh

Shops:
D:1 ((   D:4 [   D:5 *   D:7 *


Innate Abilities, Weirdness & Mutations

You have a pair of horns on your head.
You reflexively headbutt those who attack you in melee.


Message History

The orange demon stings you but does no damage.
The vampire mosquito bites you but does no damage.
Unknown command.
You closely miss the vampire mosquito.
The vampire mosquito is severely damaged.
The vampire mosquito bites you but does no damage. x2
The vampire mosquito completely misses you.
The orange demon stings you from afar!
You are poisoned.
You have difficulty breathing.
You feel yourself slow down.
The vampire mosquito bites you but does no damage.
You miss the vampire mosquito.
The vampire mosquito is severely damaged.
You feel extremely sick.
The vampire mosquito closely misses you.
The vampire mosquito bites you but does no damage.
The vampire mosquito bites you.
The vampire mosquito draws strength from your injuries!
The vampire mosquito closely misses you.
The orange demon closely misses you.
The vampire mosquito bites you but does no damage. x2
The orange demon stings you from afar.
You are lethally poisoned!
You have difficulty breathing.
You feel as though you will be slow longer.
You sock the vampire mosquito!
You destroy the vampire mosquito!
You feel extremely sick.
The vampire mosquito bites you but does no damage. x2
The orange demon stings you from afar.
* * * LOW HITPOINT WARNING * * *
You are more poisoned.
You have difficulty breathing.
* * * LOW HITPOINT WARNING * * *
You feel as though you will be slow longer.
The vampire mosquito is distracted by your dazzling golden aura.
The orange demon barely misses you.
Unknown command.
You die...
Your body crumbles into a pile of gold.

######## #..y...#
#.@....# #$.....#
#4.....# .......#
##........#
#..........#
#######...........
#
#.....(...(.......
..##......s.......


You could see an orange demon (curare) and a vampire mosquito (unaware).

Vanquished Creatures
  Erolcha (D:9)
  A two-headed ogre (D:10)
  Amaemon (D:10)
  A hornet (D:7)
  Sigmund (D:2)
  4 wyverns
  2 vampire mosquitoes
  A basilisk (D:10)
  10 yaks
  Edmund (D:5)
  3 water moccasins
  A black bear (D:7)
  3 ice beasts
  11 orc warriors
  5 centaurs
  A weeping skull (Ossuary)
  A kobold brigand (D:10)
  6 bullfrogs
  2 brain worms (Sewer)
  2 elf zombies (Ossuary)
  A gnoll sergeant (D:9)
  4 scorpions
  3 wights (D:9)
  19 killer bees
  3 howler monkeys
  A centaur zombie (Ossuary)
  A bombardier beetle (D:5)
  5 jellies
  5 hounds
  7 orc priests
  A human zombie (Ossuary)
  4 iguanas
  A sleepcap (D:4)
  7 orc wizards
  A crocodile zombie (Ossuary)
  2 hound zombies (Ossuary)
  3 mummies (Ossuary)
  3 gnolls (D:9)
  11 adders
  4 river rats
  2 shadow imps
  3 white imps
  5 adder zombies (Ossuary)
  2 ribbon worms
  3 dart slugs
  31 orcs
  6 ball pythons
  3 endoplasms
  3 giant cockroaches
  8 goblins
  5 hobgoblins
  5 jackals (D:1)
  4 quokkas
  3 ball python zombies (Ossuary)
  4 bats
  12 frilled lizards
  3 gnoll zombies (Ossuary)
  4 jackal zombies (Ossuary)
  5 kobolds
  4 kobold zombies (Ossuary)
  2 orc zombies (Ossuary)
  15 rats
276 creatures vanquished.

Notes
Turn   | Place    | Note
-------+----------+-------------------------------------------
     0 | D:1      | olmar the Minotaur Fighter began the quest for the Orb.
     0 | D:1      | Reached XP level 1. HP: 19/19 MP: 0/0
   113 | D:1      | Reached XP level 2. HP: 23/27 MP: 1/1
   176 | D:1      | Found Plog's Weapon Shoppe.
   302 | D:1      | Reached XP level 3. HP: 31/33 MP: 2/2
   347 | D:1      | Found Jeojualo's Weapon Shop.
   652 | D:2      | Reached skill level 3 in Maces & Flails
   813 | D:2      | Found a faded altar of an unknown god.
   847 | D:2      | Noticed Sigmund
   988 | D:3      | Reached XP level 4. HP: 40/40 MP: 3/3
  1815 | D:4      | Found a sand-covered staircase.
  1847 | Ossuary  | Entered an ossuary
  1871 | Ossuary  | Reached skill level 1 in Dodging
  1890 | Ossuary  | Reached XP level 5. HP: 45/46 MP: 4/4
  1903 | Ossuary  | Reached skill level 4 in Maces & Flails
  2029 | Ossuary  | Reached XP level 6. HP: 53/53 MP: 5/5
  2035 | Ossuary  | Reached skill level 5 in Maces & Flails
  2053 | Ossuary  | Reached skill level 5 in Armour
  2228 | D:4      | Reached skill level 6 in Maces & Flails
  2228 | D:4      | Reached XP level 7. HP: 49/60 MP: 6/6
  2253 | D:4      | Reached skill level 5 in Fighting
  2253 | D:4      | Reached skill level 5 in Shields
  2317 | D:4      | Found a glowing drain.
  2325 | Sewer    | Entered a sewer
  2489 | Sewer    | Reached skill level 7 in Maces & Flails
  2887 | D:4      | Found Xehotwi's Armour Boutique.
  2998 | D:4      | Found a staircase to the Ecumenical Temple.
  3116 | D:5      | Entered Level 5 of the Dungeon
  3119 | D:5      | Noticed Edmund
  3270 | D:5      | Found Mihoqah's CLEARANCE SALE!.
  3311 | D:5      | Reached skill level 8 in Maces & Flails
  3311 | D:5      | Reached XP level 8. HP: 51/69 MP: 7/7
  3323 | D:5      | Reached skill level 1 in Throwing
  3634 | D:5      | Killed Edmund
  3880 | Temple   | Entered the Ecumenical Temple
  3924 | Temple   | Became a worshipper of Gozag Ym Sagoz the Greedy
  4168 | D:6      | Reached skill level 9 in Maces & Flails
  4586 | D:6      | Reached XP level 9. HP: 69/78 MP: 8/8
  4757 | D:6      | Found a sparkling altar of Nemelex Xobeh.
  4766 | D:6      | Found an ancient bone altar of Kikubaaqudgha.
  5026 | D:7      | Reached skill level 10 in Maces & Flails
  5509 | D:7      | Found Ruif's General Store.
  5518 | D:7      | Bought a potion of heal wounds for 75 gold pieces
  5518 | D:7      | Bought a potion of haste for 150 gold pieces
  5518 | D:7      | Bought a scroll of noise for 15 gold pieces
  5518 | D:7      | Bought a scroll of teleportation for 45 gold pieces
  5518 | D:7      | Bought a potion of attraction for 45 gold pieces
  5863 | D:7      | Paralysed by a hornet for 2 turns
  6247 | D:2      | Killed Sigmund
  6248 | D:2      | Reached skill level 11 in Maces & Flails
  6594 | D:8      | Reached XP level 10. HP: 60/88 MP: 9/9
  7050 | D:8      | Reached skill level 12 in Maces & Flails
  7214 | D:8      | Got the Meditations on Adjuration
  7263 | D:9      | Noticed Erolcha
  7308 | D:9      | Killed Erolcha
  8317 | D:10     | Entered Level 10 of the Dungeon
  8569 | D:10     | Found a staircase to the Orcish Mines.
  8601 | D:10     | Found a roughly hewn altar of Beogh.
  8617 | D:10     | Reached skill level 13 in Maces & Flails
  9133 | D:10     | Noticed a two-headed ogre
  9147 | D:10     | Killed a two-headed ogre
  9180 | D:10     | Reached XP level 11. HP: 79/97 MP: 10/10
  9468 | D:10     | Found a staircase to the Lair.
  9884 | D:10     | Reached skill level 5 in Throwing
 10000 | D:11     | Noticed Amaemon
 10038 | D:10     | Killed Amaemon
 10192 | D:11     | Succumbed to orange demon's concentrated venom

Illustrated notes

Levels and vault maps discovered:
D:1:      minmay_arrival_four_houses, layout_rooms, serial_shops,
          nicolae_shop_hallway_plus, shop
D:2:      layout_loops_ring, ebering_ecumenical_altar_sacrificial, uniq_sigmund
D:3:      layout_loops_ring
D:4:      layout_rooms, minmay_temple_entry_poolview, gup_sewer_entry_bubbles,
          serial_shops, nicolae_shop_peninsula, serial_glass, glass_columns_a,
          glass_columns_a, item_on_display_a, item_on_display_a,
          due_unseen_surprise, item_on_display_a,
          nicolae_ossuary_entry_false_entrances
D:5:      layout_cave_pools, nicolae_shop_clearance, uniq_edmund
D:6:      layout_gridville, mainiacjoe_overflow_swirl, grunt_decor_junction,
          minmay_fractal_squares_gapless_5
D:7:      layout_loops_corners, serial_shops, shop
D:8:      layout_basic
D:9:      layout_basic, uniq_erolcha
D:10:     layout_rooms, minmay_lair_entry_grove, minmay_orc_entry_temple_small
D:11:     layout_rooms, nicolae_elyvilon_temple_path, uniq_amaemon
Temple:   mainiacjoe_temple_cubbyholes

Skill      XL: |  1  2  3  4  5  6  7  8  9 10 11 |
---------------+----------------------------------+-----
Fighting       | 4 5 6 7 9 |  9.9
Shields        | 4 5 6 7 |  7.4
Armour         | 4 5 6 8 9 |  9.9
Maces & Flails | 3 4 6 8 9 11 13 | 13.5
Dodging        | 1 2 3 4 |  4.9
Throwing       | 1 2 4 5 |  5.1
Stealth        | |  0.4

Action                     |  1- 3 |  4- 6 |  7- 9 | 10-12 || total
---------------------------+-------+-------+-------+-------++-------
  Melee: Flail             |    92 |   168 |   303 |   242 ||   805
         Headbutt          |     9 |    19 |    53 |    48 ||   129
         Great mace        |       |       |       |    18 ||    18
  Throw: Dart              |     4 |       |    17 |    40 ||    61
         Boomerang         |       |       |       |    32 ||    32
 Invoke: Potion Petition   |       |       |       |     1 ||     1
  Evoke: Wand              |       |     4 |       |     1 ||     5
    Use: Scroll            |     1 |     5 |     3 |     5 ||    14
         Potion            |       |       |       |     2 ||     2
   Stab: Distracted        |       |       |       |     4 ||     4
 Armour: Scale mail        |   100 |   129 |   164 |   112 ||   505
         Plate armour      |       |       |       |   151 ||   151
  Dodge: Dodged            |    47 |    69 |   119 |   120 ||   355
  Block: Buckler           |    27 |    34 |    51 |    49 ||   161

Table legend: (Time is in decaauts)
 A = Elapsed time spent in this place.
 B = Non-inter-level travel time spent in this place.
 C = Inter-level travel time spent in this place.
 D = Time resting spent in this place.
 E = Time spent auto-exploring this place.
 F = Levels seen in this place.
 G = Mean time per level.
                   A        B        C        D        E       F      G
               +--------+--------+--------+--------+--------+-----+--------+
         Total |  10260 |   9636 |    624 |   1076 |   6398 |  14 |  732.9 |
       Dungeon |   9363 |   8784 |    579 |   1076 |   5983 |  11 |  851.2 |
        Temple |     86 |     42 |     44 |      0 |      0 |   1 |   86.0 |
         Sewer |    445 |    445 |      0 |      0 |    319 |   1 |  445.0 |
       Ossuary |    364 |    364 |      0 |      0 |     96 |   1 |  364.0 |
               +--------+--------+--------+--------+--------+-----+--------+

Top non-repeatable levels by time:
    D:10: 1579 daAuts
     D:9: 1285 daAuts
     D:7: 1042 daAuts
     D:6: 970 daAuts
     D:3: 938 daAuts
     D:4: 831 daAuts
     D:8: 777 daAuts
     D:5: 724 daAuts
     D:2: 680 daAuts
     D:1: 508 daAuts
   Sewer: 445 daAuts
 Ossuary: 364 daAuts
  Temple: 86 daAuts
    D:11: 26 daAuts
